 Dungeon Crawl Stone Soup version 0.30-a0-364-gf6b3ef1049 (webtiles) character file.

Game seed: 15044197887965674249

362 ytrimaz the Chopper (level 6, -8/47 HPs)
             Began as a Formicid Fighter on Nov 15, 2022.
             Mangled by a gnoll
             ... wielding a +1 whip of electrocution
             ... led by a gnoll bouda
              (16 damage)
             ... on level 7 of the Dungeon.
             The game lasted 00:06:10 (3089 turns).

ytrimaz the Chopper (Formicid Fighter)              Turns: 3089, Time: 00:06:10

Health: -8/47      AC: 13    Str: 23    XL:     6   Next: 99%
Magic:  6/6        EV: 10    Int:  7    God:
Gold:   211        SH:  0    Dex: 13    Spells: 5/5 levels left

rFire   . . .      SeeInvis +    l - +5 giant club (spect)
rCold   . . .      Faith    .    (shield currently unavailable)
rNeg    . . .      Spirit   .    u - +0 plate armour
rPois   .          Reflect  .    (helmet unavailable)
rElec   .          Harm     .    (no cloak)
rCorr   .          Rampage  .    g - +0 pair of gloves
Will    .....                    e - +0 pair of boots
Stlth   ..........               f - amulet of the acrobat
HPRegen 0.27/turn                r - +4 ring of evasion
MPRegen 0.10/turn                (no ring)

@: no status effects
A: permanent stasis, dig shafts and tunnels, antennae 3, four strong arms
a: Dig, Shaft Self


You were on level 7 of the Dungeon.
You visited 1 branch of the dungeon, and saw 5 of its levels.

You collected 211 gold pieces.


Innate Abilities, Weirdness & Mutations

You cannot be hasted, slowed, berserked, paralysed or teleported.
You can dig through walls and to a lower floor.
You have a pair of large antennae on your head. (SInv)
Your four strong arms can wield two-handed weapons with a shield.


   Skills:
 - Level 3.2 Fighting
 - Level 5.0(5.8) Axes
 + Level 4.4(5.5) Maces & Flails
 - Level 3.2 Armour
 - Level 4.0 Shields


You had 5 spell levels left.
You didn't know any spells.
Your spell library contained the following spells:

 Spells                   Type           Power      Damage    Failure   Level
 Sting                    Tmut/Pois      0%         1d3       100%        1
 Poisonous Vapours        Pois/Air       0%         N/A       100%        2
 Ignite Poison            Fire/Tmut/Pois 0%         N/A       100%        3
 Olgreb's Toxic Radiance  Pois           0%         N/A       100%        4
 Sticky Flame             Conj/Fire      0%         2d3       100%        4
 Ignition                 Fire           0%         3d3       100%        8

Inventory:

Hand Weapons
 a - a +0 war axe
 l - a +5 spectral giant club (weapon)
   (You acquired it on level 3 of the Dungeon)
Missiles
 k - 11 boomerangs
 p - 4 poisoned darts (quivered)
Armour
 c - a +0 buckler
 e - a +0 pair of boots (worn)
   (You found it on level 1 of the Dungeon)
 g - a +0 pair of gloves (worn)
   (You found it on level 1 of the Dungeon)
 u - a +0 plate armour (worn)
   (You found it on level 7 of the Dungeon)
Jewellery
 f - an amulet of the acrobat (around neck)
   (You found it on level 1 of the Dungeon)
 r - a +4 ring of evasion (left hand)
   (You found it on level 3 of the Dungeon)
Scrolls
 i - a scroll of amnesia
 n - a scroll of identify
 o - a scroll of brand weapon {unknown}
 s - a scroll of teleportation {unknown}
 t - a scroll of fear
 w - a scroll of enchant weapon {unknown}
Potions
 d - 2 potions of might
 h - a potion of flight
 j - a potion of heal wounds
 m - a potion of curing
 q - 2 potions of lignification {unknown}
 v - a potion of attraction {unknown}
 x - a potion of brilliance {unknown}

Dungeon Overview and Level Annotations

Branches:
Dungeon (7/15) Zot: 26844
 Temple: D:4-7

Altars:

#......###..## #
##.)...## #..# #.
##......# #.##
##..###.g.##..##
#.#
....g..)#.##.=.#
..
.......g#g##{#.#
##..###).{{.{##.#
#. ##g{###g#.# #
##.##@## #.####
... ...# ....#
#####


You could see a gnoll.


Message History

The gnoll barely misses you.
The orc wizard hits you but does no damage.
The gnoll bouda closely misses you. The gnoll hits you but does no damage.
Unknown command.
You closely miss the orc wizard.
The orc wizard hits you but does no damage.
The gnoll barely misses you. 😕 HP[+1]
You barely miss the orc wizard. The gnoll bouda barely misses you.
The orc wizard closely misses you.
The gnoll hits you from afar with a +0 halberd!
The gnoll bouda hits you with a +0 whip!
The gnoll bouda gazes fiercely through you!
You feel your attacks grow feeble.
The gnoll bouda hits you but does no damage.
The orc wizard completely misses you. The gnoll barely misses you.
The gnoll bouda hits you with a +0 whip.
* * * LOW HITPOINT WARNING * * *
😨 HP[-18]
You take 18 damage, and now have 22/47 hp.
MASSIVE DAMAGE!! (PAUSE)
The orc wizard attacks as you move away!
The orc wizard closely misses you.
The gnoll bouda hits you but does no damage.
The orc wizard points at you and mumbles some strange words.
The magic dart hits you.
* * * LOW HITPOINT WARNING * * *
😨 HP[-5]
You take 5 damage, and now have 17/47 hp.
The gnoll bouda attacks as you move away!
The gnoll bouda misses you.
The gnoll is no longer moving quickly.
The gnoll zaps a wand.
The mass of ice explodes!
The iceblast engulfs you.
* * * LOW HITPOINT WARNING * * *
The gnoll is no longer moving quickly. 😨 HP[-4]
You take 4 damage, and now have 13/47 hp.
The gnoll bouda attacks as you move away!
The gnoll bouda hits you with a +0 club!
* * * LOW HITPOINT WARNING * * *
The gnoll is no longer moving quickly.
The gnoll bouda barks out a call to the hunt!
The gnolls pick up the pace!
The gnoll bouda completely misses you. 😱 HP[-7]
You take 7 damage, and now have 6/47 hp.
Unknown command.
You feel much better.
The gnoll bouda hits you but does no damage. 😮 HP[+26]
You regained 26 hp, and now have 32/47 hp.
You extend your mandibles.
You dig through the rock wall.
You feel drained. 😮 HP[+1]
You now have 45 max hp (-2).
You dig through the rock wall.
You feel drained.
Your attacks no longer feel as feeble.
You now have 43 max hp (-2).
You bludgeon the gnoll bouda!!
You kill the gnoll bouda!
The gnoll bouda hits you but does no damage.
Your base Maces & Flails skill increases to level 4!
You now have 45 max hp (+2).
You sock the gnoll bouda!
The gnoll bouda barely misses you. 😕 HP[+1]
You bludgeon the gnoll bouda!!
You kill the gnoll bouda!
The gnoll hits you with a +0 flail.
Your life force feels restored. 😮 HP[-6]
You now have 47 max hp (+2).
You take 6 damage, and now have 28/47 hp.
You sock the gnoll!
You kill the gnoll!
The gnoll hits you but does no damage.
You bludgeon the gnoll!!
You kill the gnoll!
The gnoll hits you but does no damage. 😮 HP[+1]
You barely miss the gnoll. The gnoll hits you with a +0 halberd!
* * * LOW HITPOINT WARNING * * *
😨 HP[-9]
You take 9 damage, and now have 20/47 hp.
You hit the gnoll. The gnoll hits you with a +0 halberd.
* * * LOW HITPOINT WARNING * * *
The gnoll hits you with a +0 halberd!
* * * LOW HITPOINT WARNING * * *
😱 HP[-13]
You take 13 damage, and now have 7/47 hp.
MASSIVE DAMAGE!! (PAUSE)
You retract your mandibles.
You bludgeon the gnoll!!
You kill the gnoll!
The gnoll hits you but does no damage. 😱 HP[+1] Unknown command.
You barely miss the gnoll. The gnoll hits you but does no damage.
You are electrocuted!
You die...

Skill      XL: |  1  2  3  4  5  6 |
---------------+-------------------+-----
Axes           | 3 4 5 |  5.0
Maces & Flails | 2 4 |  4.4
Fighting       | |  3.2
Armour         | |  3.2
Shields        | |  4.0

Action                   |  1- 3 |  4- 6 || total
-------------------------+-------+-------++-------
Melee: War axe           |    77 |    65 ||   142
       Giant club        |       |    51 ||    51
 Abil: Dig               |     1 |     1 ||     2
  Use: Scroll            |     3 |     8 ||    11
       Potion            |     1 |     1 ||     2
Armor: Scale mail        |    36 |    54 ||    90
       Plate armour      |       |    14 ||    14
Dodge: Dodged            |    52 |   107 ||   159
Block: Buckler           |    18 |    14 ||    32

Levels and vault maps discovered:
D:1:      giann_forest_graveyard, layout_basic, dreamdust_princess_corridor
D:2:      layout_basic, shapermc_ecumenical_altar_gd, kennysheep_minor_cross,
          uniq_natasha
D:3:      layout_loops_ring, minmay_circle_x
D:4:      layout_loops_ring, nrook_mini_vaults
D:7:      layout_layer_cave, mainiacjoe_overflow_large_starburst,
          palyth_stone_intersect, grunt_ministairs_8, minivault_1, uniq_pikel

Notes
Turn   | Place    | Note
-------+----------+-------------------------------------------
     0 | D:1      | ytrimaz the Formicid Fighter began the quest for the Orb.
     0 | D:1      | Reached XP level 1. HP: 18/18 MP: 1/1
     0 | D:1      | magus.rc [v1.9.6]
    69 | D:1      | Reached XP level 2. HP: 18/24 MP: 2/2
   379 | D:1      | Reached skill level 3 in Axes
   412 | D:1      | You add the spells Ignite Poison, Sticky Flame and Ignition
                  | to your library.
   515 | D:1      | Reached XP level 3. HP: 29/29 MP: 3/3
   800 | D:2      | Found a faded altar of an unknown god.
  1190 | D:2      | Noticed Natasha
  1208 | D:2      | Killed Natasha
  1209 | D:2      | Reached skill level 4 in Axes
  1209 | D:2      | Reached XP level 4. HP: 16/35 MP: 4/4
  2013 | D:3      | Reached XP level 5. HP: 41/41 MP: 5/5
  2355 | D:3      | Reached skill level 5 in Axes
  2449 | D:3      | Identified a scroll of acquirement
  2449 | D:3      | Acquired a +5 spectral giant club
  2596 | D:4      | You add the spells Sting, Poisonous Vapours and Olgreb's
                  | Toxic Radiance to your library.
  2715 | D:4      | Reached skill level 1 in Maces & Flails
  2788 | D:4      | Reached skill level 2 in Maces & Flails
  2965 | D:4      | Reached XP level 6. HP: 47/47 MP: 6/6
  2968 | D:4      | You fall into a shaft and drop 3 floors!
  3061 | D:7      | Reached skill level 3 in Maces & Flails
  3077 | D:7      | HP: 6/47 [gnoll bouda/+0 club (7)]
  3082 | D:7      | Reached skill level 4 in Maces & Flails
  3087 | D:7      | HP: 7/47 [gnoll/+0 halberd[a gnoll bouda] (9)]
  3089 | D:7      | Mangled by a gnoll

Vanquished Creatures
  2 gnoll boudas (D:7)
  An orc priest (D:7)
  An iguana (D:4)
  Natasha (D:2)
  2 orc wizards
  3 adders
  5 gnolls (D:7)
  2 worms
  3 dart slugs
  3 orcs
  7 ball pythons
  6 bats
  5 endoplasms
  5 giant cockroaches
  5 hobgoblins
  11 jackals
  6 kobolds
  6 quokkas
  4 frilled lizards
  6 goblins
  8 rats
92 creatures vanquished.

Vanquished Creatures (others)
  9 demonic plants (D:2)
  3 fungi (D:2)
  A withered plant (D:2)
13 creatures vanquished.

Grand Total: 105 creatures vanquished

Table legend:
 A = Non-vault XP
 B = Vault XP
 C = Vault XP percentage of total XP
 D = Non-vault monster count
 E = Vault monster count
 F = Vault count percentage of total count
                 A         B        C        D         E       F
            +---------+---------+-------+---------+---------+-------
      Total |     473 |      45 |   8.7 |      87 |       5 |   5.4
            +---------+---------+-------+---------+---------+-------
        D:1 |      31 |       0 |   0.0 |      19 |       0 |   0.0
        D:2 |      41 |      35 |  46.1 |      15 |       1 |   6.2
        D:3 |      50 |      10 |  16.7 |      21 |       4 |  16.0
        D:4 |     127 |       0 |   0.0 |      23 |       0 |   0.0
        D:7 |     224 |       0 |   0.0 |       9 |       0 |   0.0
            +---------+---------+-------+---------+---------+-------

Illustrated notes

Table legend:
 A = Kills in this place as a percentage of kills in entire the game.
 B = Kills by you in this place as a percentage of kills by you in the entire game.
 C = Kills by friends in this place as a percentage of kills by friends in the entire game.
 D = Other kills in this place as a percentage of other kills in the entire game.
 E = Experience gained in this place as a percentage of experience gained in the entire game.
 F = Experience gained in this place divided by the number of levels of this place that you have seen.
                   A       B       C       D       E      F
               +-------+-------+-------+-------+-------+----------------------
         Total | 100.0 | 100.0 |   N/A |   N/A | 100.0 | 103.6
       Dungeon | 100.0 | 100.0 |   N/A |   N/A | 100.0 | 103.6
               +-------+-------+-------+-------+-------+----------------------

Table legend: (Time is in decaauts)
 A = Elapsed time spent in this place.
 B = Non-inter-level travel time spent in this place.
 C = Inter-level travel time spent in this place.
 D = Time resting spent in this place.
 E = Time spent auto-exploring this place.
 F = Levels seen in this place.
 G = Mean time per level.
                   A        B        C        D        E       F      G
               +--------+--------+--------+--------+--------+-----+--------+
         Total |   3154 |   3079 |     75 |      0 |   2396 |   5 |  630.8 |
       Dungeon |   3154 |   3079 |     75 |      0 |   2396 |   5 |  630.8 |
               +--------+--------+--------+--------+--------+-----+--------+

Top non-repeatable levels by time:
     D:2: 1038 daAuts
     D:3: 740 daAuts
     D:1: 734 daAuts
     D:4: 514 daAuts
     D:7: 126 daAuts
